 Dungeon Crawl Stone Soup version 0.32-a0-131-g9dbbe29261 (webtiles) character file.

Game seed: 11570312037695469853

62125 Bravepunisher the Champion of Chaos (level 14, -1/74 (77) HPs)
             Began as a Spriggan Monk on Feb 8, 2024.
             Was the Champion of Makhleb.
             Killed by divine providence
             ... invoked by an orc priest
              (15 damage)
             ... on level 2 of the Orcish Mines.
             The game lasted 01:37:52 (17522 turns).

Bravepunisher the Champion of Chaos (SpMo)         Turns: 17522, Time: 01:37:53

HP:   -1/74 (77)    AC: 12    Str: 11    XL:     14   Next: 63%
MP:   28/28         EV: 27    Int: 13    God:    Makhleb [******]
Gold: 1360          SH:  8    Dex: 24    Spells: 13/13 levels left

rFire   + + .        x - +7 hammer "Xoryssol" {pain, Fly rF+ Int+2}
rCold   + . .        F - +0 buckler
rNeg    . . .        N - +3 robe of Clouds {*Thunder rCloud rElec}
rPois   .            (helmet restricted)
rElec   +            w - +0 cloak
rCorr   .            (gloves unavailable)
SInv    +            (boots unavailable)
Will    ++...        K - amulet "Wabom" {-Cast rF+ Regen+ Dex+3}
Stlth   ++           a - +4 ring of protection
HPRegen 1.12/turn    A - ring of protection from cold
MPRegen 0.21/turn

%: no spellcasting
@: flying, lightly drained, very quick
A: very small, no large weapons, unfitting armour, see invisible, speed 3,
iridescent scales 1, strong 1
a: Renounce Religion, Minor Destruction, Lesser Servant of Makhleb, Major
Destruction, Greater Servant of Makhleb


You were on level 2 of the Orcish Mines.
You worshipped Makhleb.
Makhleb was exalted by your worship.
You visited 5 branches of the dungeon, and saw 20 of its levels.
You also visited: Bailey.

You collected 1922 gold pieces.
You spent 562 gold pieces at shops.

Inventory:

Hand Weapons
 x - the +7 hammer "Xoryssol" (weapon) {pain, Fly rF+ Int+2}
   (You found it on level 5 of the Dungeon)

   Int+2:     It affects your intelligence (+2).
   rF+:       It protects you from fire.
   Fly:       It grants you flight.
Armour
 w - a +0 cloak (worn)
 F - a +0 buckler (worn)
 N - the +3 robe of Clouds (worn) {*Thunder rCloud rElec}
   (You found it on level 3 of the Lair of Beasts)

   *Thunder:  It occasionally creates storm clouds above nearby enemies.
   rCloud:    It grants its wearer immunity to clouds.
   rElec:     It insulates you from electricity.
Jewellery
 a - a +4 ring of protection (left hand)
 A - a ring of protection from cold (right hand)
 K - the amulet "Wabom" (around neck) {-Cast rF+ Regen+ Dex+3}
   (You bought it in a shop on level 4 of the Dungeon)

   [amulet of regeneration]

   Dex+3:     It affects your dexterity (+3).
   rF+:       It protects you from fire.
   -Cast:     It prevents spellcasting.
   Regen+:    It increases your rate of health regeneration.
Wands
 n - a wand of roots (4)
 v - a wand of charming (8)
 y - a wand of light (10)
 B - a wand of polymorph (8)
 C - a wand of flame (44)
 L - a wand of mindburst (9)
Scrolls
 d - 16 scrolls of identify {unknown}
 h - 4 scrolls of revelation {unknown}
 i - 4 scrolls of silence {unknown}
 j - 2 scrolls of blinking {unknown}
 k - 7 scrolls of teleportation
 l - 9 scrolls of fear {unknown}
 r - 3 scrolls of fog {unknown}
 s - 3 scrolls of poison {unknown}
 t - 5 scrolls of enchant weapon {unknown}
 u - 4 scrolls of enchant armour
 E - 2 scrolls of amnesia {unknown}
 H - a scroll of brand weapon {unknown}
 I - a scroll of acquirement {unknown}
 M - 2 scrolls of vulnerability {unknown}
Potions
 b - a potion of curing
 c - 2 potions of ambrosia
 e - 2 potions of resistance
 f - a potion of might {unknown}
 m - 2 potions of brilliance {unknown}
 o - 2 potions of haste {unknown}
 p - 2 potions of mutation
 q - 3 potions of magic {unknown}
 z - 2 potions of invisibility {unknown}
 D - a potion of degeneration {unknown}
 J - a potion of berserk rage {unknown}
 O - a potion of attraction {unknown}
 P - a potion of lignification {unknown}
Miscellaneous
 g - a condenser vane
 G - a phantom mirror (inert)


   Skills:
 - Level 10.1 Fighting
 - Level 3.2 Short Blades
 - Level 1.0 Maces & Flails
 - Level 5.0 Armour
 + Level 10.0 Dodging
 - Level 11.0 Shields
 * Level 18.7 Invocations


You had 13 spell levels left.
You didn't know any spells.
Your spell library contained the following spells:

 Spells                   Type           Power      Damage    Failure   Level
 Apportation              Tloc           0%         N/A       36%         1
 Magic Dart               Conj           0%         1d3       36%         1
 Sandblast                Erth           0%         2d4       36%         1
 Slow                     Hex            0%         N/A       36%         1
 Blink                    Tloc           0%         N/A       52%         2
 Call Imp                 Summ           0%         N/A       52%         2
 Ensorcelled Hibernation  Hex/Ice        0%         N/A       52%         2
 Jinxbite                 Hex            0%         N/A       52%         2
 Sublimation of Blood     Necr           0%         N/A       52%         2
 Confusing Touch          Hex            0%         N/A       75%         3
 Fugue of the Fallen      Necr           0%         N/A       75%         3
 Ozocubu's Armour         Ice            0%         N/A       75%         3
 Passwall                 Erth           0%         N/A       75%         3
 Sigil of Binding         Hex            0%         N/A       75%         3
 Stone Arrow              Conj/Erth      0%         3d7       75%         3
 Tukima's Dance           Hex            0%         N/A       75%         3
 Vampiric Draining        Necr           0%         2d6       75%         3
 Anguish                  Hex/Necr       0%         N/A       98%         4
 Brom's Barrelling Bould  Conj/Erth      0%         2d3       98%         4
 Ignite Poison            Fire/Alch      0%         N/A       98%         4
 Manifold Assault         Tloc           0%         N/A       98%         4
 Passage of Golubria      Tloc           0%         N/A       98%         4
 Sticky Flame             Fire/Alch      0%         2d4       98%         4
 Alistair's Intoxication  Alch           0%         N/A       100%        5
 Yara's Violent Unravell  Hex/Alch       0%         3d3       100%        5
 Summon Hydra             Summ           0%         N/A       100%        7
 Ignition                 Fire           0%         3d3       100%        8


Dungeon Overview and Level Annotations

Branches:
Dungeon (11/15)            Temple (1/1) D:4            Lair (5/5) D:9
  Swamp (0/4) Lair:2        Snake (1/4) Lair:2        Slime (0/5) Lair:4
    Orc (2/2) D:9          Bailey (visited)
    Elf: Orc:2

Altars:
Ashenzari
Cheibriados
Dithmenos
Elyvilon
Fedhas
Gozag
Hepliaklqana
Kikubaaqudgha
Makhleb
Nemelex Xobeh
Okawaru
Qazlal
Ru
Sif Muna
Trog
Uskayaw
Vehumet
Wu Jian
Xom
Yredelemnul
Zin
The Shining One
Jiyva

Shops:
D:1 *[?   D:3 (   D:4 =[[   D:6 (   D:9 *

Annotations:
D:8 exclusion: statue
D:9 3 runed translucent doors, 2 exclusions
Temple 2 transporters
Lair:4 1 runed translucent door


Innate Abilities, Weirdness & Mutations

You are very small and have problems with some larger weapons.
You are too small for most types of armour.
You have supernaturally acute eyesight. (SInv)
You cover ground extremely quickly. (Speed+++)
You are partially covered in iridescent scales. (AC +2)
Your muscles are strong. (Str +4, Int/Dex -1)


Message History

Your green death hits the orc warrior!
Your cacodemon gestures at the orc warrior.
The orc warrior twists and deforms.
Aiming: Minor Destruction (0% risk of failure)
Press: ? - help, Shift-Dir - straight line, f - orc priest
Aim: an orc priest, wielding a +0 whip (strong)
The zap hits the orc priest.
The orc priest is lightly wounded.
The orc priest invokes the aid of Beogh against you.
Beogh smites you!
* * * LOW HITPOINT WARNING * * *
The orc priest hits your cacodemon with a +3 war axe.
Your green death gestures at the orc warrior.
The poison arrow hits the orc warlord!!
The orc warlord looks as sick as possible!
Your cacodemon hits the orc priest!!
The orc priest dies!
Makhleb accepts your kill.
You hear a shout!
You feel better.
Your green death gestures at the orc warrior.
The blast of poison engulfs the orc warrior but does no damage.
The orc warrior is poisoned.
Unknown command.
Aiming: Minor Destruction (0% risk of failure)
Press: ? - help, Shift-Dir - straight line, f/p - orc priest
Aim: an orc priest, wielding a +0 whip (lightly wounded, strong, ally target)
The puff of flame hits the orc priest!
The orc priest is almost dead.
The orc wizard is engulfed in poison gas.
The orc wizard is poisoned.
The orc warlord looks as sick as possible!
The orc priest is engulfed in poison gas.
The orc priest is poisoned.
The orc warrior is engulfed in poison gas.
The orc warrior is poisoned.
A demon appears!
The orc priest calls down the wrath of Beogh upon you.
Beogh smites you!
You die...

### # ##.## ##.
#...# ### #...#)..#
#.# #..#.))###.#
##..).).).#.#
#.....)....4##
#...).)<.).@.##
#.............#
............o)o##
........#..o°o.2.##
......###...°○☼2..##
....# ###..ooo○...#
....# #....○○☼...##
.. ..###...o....#
.............##


You could see an orc warlord (extremely poisoned), 2 orc warriors, 2 orc
priests, an orc wizard (strong, poisoned, ally target), 2 orcs, a friendly
cacodemon (summoned), a friendly green death (summoned) and a friendly orange
demon (summoned).

Vanquished Creatures
  A hydra (D:9)
  2 catoblepae (Lair:5)
  Erica (D:11)
  3 two-headed ogres (D:9)
  2 boulder beetles
  4 death yaks
  Urug (Orc:2)
  3 skysharks
  Pikel (D:5)
  A salamander (Lair:2)
  A wolf spider (Lair:4)
  An orc sorcerer (Orc:1)
  A manticore (Lair:5)
  An elephant (Lair:2)
  A kobold blastminer (Orc:1)
  11 cane toads
  3 black mambas
  2 gargoyles
  3 rime drakes
  2 kobold demonologists (D:9)
  14 komodo dragons
  2 red devils (D:9)
  6 polar bears
  A troll (D:10)
  Prince Ribbit (D:9)
  31 blink frogs
  3 dream sheep
  Sigmund (D:3)
  5 wraiths
  4 wyverns
  48 yaks
  2 fire bats (D:5)
  4 basilisks
  A vampire mosquito (D:9)
  2 steam dragons
  A warg (Orc:1)
  13 water moccasins
  A black bear (Lair:3)
  3 ice beasts (D:7)
  11 orc warriors
  6 ogres
  2 centaurs
  27 wolves
  A phantom (D:7)
  4 kobold brigands (D:9)
  10 bullfrogs
  A gnoll sergeant (D:6)
  3 scorpions
  16 wights
  21 killer bees
  3 howler monkeys (D:9)
  3 lava snakes (Lair:2)
  Crazy Yiuf (D:5)
  2 gnoll boudas
  6 orc priests
  3 jellies
  3 bombardier beetles
  2 hounds
  6 iguanas
  9 orc wizards
  2 sleepcaps (D:6)
  8 adders
  8 gnolls
  2 ribbon worms
  55 orcs
  8 endoplasms
  10 giant cockroaches
  9 goblins
  13 hobgoblins
  9 jackals
  5 quokkas
  4 ball pythons
  4 bats
  10 frilled lizards
  9 kobolds
  6 rats
490 creatures vanquished.

Vanquished Creatures (collateral kills)
  Josephine (Orc:2)
  Fannar (Lair:2)
  A hydra (Lair:5)
  2 catoblepae (Lair:5)
  3 death yaks (Lair:5)
  A skyshark (Lair:4)
  An orc knight (Bailey)
  A manticore (Lair:5)
  A kobold blastminer (Orc:1)
  A black mamba (Lair:5)
  2 komodo dragons
  A red devil (D:9)
  3 blink frogs
  6 dream sheep
  A wraith (Orc:2)
  11 yaks
  A water moccasin (Lair:1)
  8 orc warriors
  5 ogres
  A wolf (Lair:4)
  A centaur (D:9)
  A lemure (D:5)
  2 orc priests
  2 orc wizards (Orc:2)
  18 orcs
76 creatures vanquished.

Vanquished Creatures (others)
  A yak (Lair:5)
  An orc (Orc:2)
2 creatures vanquished.

Grand Total: 568 creatures vanquished

Notes
Turn   | Place    | Note
-------+----------+-------------------------------------------
     0 | D:1      | Bravepunisher the Spriggan Monk began the quest for the
                  | Orb.
     0 | D:1      | Reached XP level 1. HP: 11/11 MP: 2/2
    79 | D:4      | Found a staircase to the Ecumenical Temple.
    86 | Temple   | Found a transporter.
    86 | Temple   | Found a transporter.
    86 | Temple   | Found a transporter.
    86 | Temple   | Found a transporter.
    86 | Temple   | Entered the Ecumenical Temple
   106 | Temple   | Became a worshipper of Makhleb the Destroyer
   106 | Temple   | Reached * piety under Makhleb
   106 | Temple   | Reached ** piety under Makhleb
   175 | D:3      | Noticed Sigmund
   201 | D:4      | Noticed an iguana
   222 | D:4      | Killed an iguana
   223 | D:4      | Reached skill level 2 in Invocations
   223 | D:4      | Reached XP level 2. HP: 15/16 MP: 2/4
   292 | D:4      | Reached XP level 3. HP: 18/19 MP: 5/5
   591 | D:3      | Reached XP level 4. HP: 24/24 MP: 7/7
   618 | D:2      | Reached skill level 3 in Invocations
   715 | D:1      | Found Zosoth's Magic Scroll Emporium.
   719 | D:1      | Reached *** piety under Makhleb
   739 | D:1      | Found Rufri Lef's Antique Armour Emporium.
   777 | D:1      | Found Edo Acal's Assorted Antiques.
  1474 | D:2      | Reached XP level 5. HP: 27/28 MP: 8/8
  1641 | D:2      | Found a faded altar of an unknown god.
  1811 | D:3      | Reached skill level 4 in Invocations
  1895 | D:3      | Reached **** piety under Makhleb
  1898 | D:3      | Found Veoph's Weapon Shop.
  1954 | D:3      | Killed Sigmund
  1955 | D:3      | Reached skill level 5 in Invocations
  1955 | D:3      | Reached XP level 6. HP: 24/33 MP: 8/10
  2632 | D:4      | Found Otraebb's Antique Armour Shoppe.
  2634 | D:4      | Found Qishrecri's Armour Shoppe.
  2635 | D:4      | Found Biaw's Jewellery Shoppe.
  3307 | D:5      | Entered Level 5 of the Dungeon
  3486 | D:5      | Reached XP level 7. HP: 38/38 MP: 12/12
  3495 | D:5      | Noticed Pikel
  3499 | D:5      | Reached skill level 6 in Invocations
  3522 | D:5      | Killed Pikel
  3523 | D:5      | Reached skill level 5 in Fighting
  3523 | D:5      | Reached skill level 7 in Invocations
  3523 | D:5      | Reached XP level 8. HP: 25/43 MP: 7/14
  3676 | D:5      | Found a transporter.
  3824 | D:5      | Found a basalt altar of Yredelemnul.
  3826 | D:5      | Found a shimmering blue altar of Sif Muna.
  3828 | D:5      | Found an opulent altar of Gozag.
  3966 | D:5      | Found a runed translucent door.
  3967 | D:5      | Noticed Crazy Yiuf
  3973 | D:5      | Killed Crazy Yiuf
  3983 | D:5      | Identified the +7 hammer "Xoryssol" {pain, Fly rF+ Int+2}
  4030 | D:5      | Found a transporter.
  4144 | D:5      | Reached skill level 8 in Invocations
  4376 | D:6      | Reached skill level 9 in Invocations
  4702 | D:6      | Found Leicw's Hydra Hut.
  4706 | D:6      | Noticed a five-headed hydra
  4783 | D:6      | Reached XP level 9. HP: 47/48 MP: 17/17
  5030 | D:7      | Found a flagged portal.
  5037 | D:7      | Reached skill level 1 in Armour
  5110 | Bailey   | Entered a bailey
  5311 | Bailey   | Reached ***** piety under Makhleb
  5312 | Bailey   | Reached skill level 10 in Invocations
  5502 | Bailey   | Noticed an orc knight
  5502 | Bailey   | Noticed an orc knight
  5553 | Bailey   | Killed an orc knight
  5864 | D:7      | Reached skill level 1 in Shields
  5888 | D:7      | Found a glowing silver altar of Zin.
  5999 | D:7      | Found a hide-covered altar of Uskayaw.
  6176 | D:8      | Reached skill level 11 in Invocations
  6176 | D:8      | Reached XP level 10. HP: 54/55 MP: 19/19
  6483 | D:8      | Found a radiant altar of Vehumet.
  7185 | D:9      | Noticed a two-headed ogre
  7197 | D:9      | Killed a two-headed ogre
  7205 | D:9      | Noticed Prince Ribbit
  7206 | D:9      | Reached skill level 12 in Invocations
  7211 | D:9      | Killed Prince Ribbit
  7234 | D:9      | Identified the +6 mace of Destiny {flame, rC+}
  7244 | D:9      | Found a runed translucent door.
  7244 | D:9      | Noticed a gargoyle
  7245 | D:9      | Noticed a centaur warrior
  7247 | D:9      | Noticed a two-headed ogre
  7253 | D:9      | Found a runed translucent door.
  7260 | D:9      | Noticed a gargoyle
  7262 | D:9      | Found a runed translucent door.
  7263 | D:9      | Noticed a gargoyle
  7264 | D:9      | Noticed a salamander
  7267 | D:9      | Noticed a two-headed ogre
  7268 | D:9      | Noticed a two-headed ogre
  7269 | D:9      | Noticed a seven-headed hydra
  7325 | D:9      | Killed a seven-headed hydra
  7326 | D:9      | Reached XP level 11. HP: 28/60 MP: 8/21
  7450 | D:9      | Found Werint's Fire Supplies.
  7458 | D:9      | Killed a two-headed ogre
  7459 | D:9      | Reached skill level 5 in Shields
  7819 | D:9      | Found a staircase to the Orcish Mines.
  7857 | D:9      | Reached ****** piety under Makhleb
  8441 | D:9      | Noticed a soul eater
  8671 | D:9      | Reached skill level 13 in Invocations
  8871 | D:9      | Found a staircase to the Lair.
  9011 | D:10     | Entered Level 10 of the Dungeon
  9033 | D:10     | Reached skill level 5 in Armour
  9063 | D:9      | Killed a two-headed ogre
  9785 | D:11     | Noticed Erica
  9799 | D:11     | Killed Erica
 10252 | D:9      | Identified the +4 scale mail "Dunkack" {Dex+5}
 10252 | D:9      | Identified the staff of Valour {^Drain rElec rN+ SInv Necro
                  | Fire}
 10453 | D:4      | Bought the amulet "Wabom" {-Cast rF+ Regen+ Dex+3} for 562
                  | gold pieces
 10621 | Lair:1   | Entered Level 1 of the Lair of Beasts
 10822 | Lair:1   | Reached XP level 12. HP: 64/65 MP: 23/23
 10879 | Lair:1   | Reached skill level 14 in Invocations
 10884 | Lair:1   | Reached skill level 1 in Maces & Flails
 11066 | Lair:1   | Noticed a death yak
 11068 | Lair:1   | Noticed a death yak
 11073 | Lair:1   | Noticed a death yak
 11432 | Lair:1   | Killed a death yak
 11655 | Lair:1   | Killed a death yak
 11706 | Lair:1   | Killed a death yak
 11785 | Lair:2   | Noticed a boulder beetle
 11804 | Lair:2   | Killed a boulder beetle
 11835 | Lair:2   | Gained mutation: You do not regenerate when monsters are
                  | visible. [potion of mutation]
 11835 | Lair:2   | Gained mutation: You have a somewhat thin skeletal
                  | structure. (Dex +2, Stealth+) [potion of mutation]
 11835 | Lair:2   | Gained mutation: You are covered in fur. (AC +1) [potion of
                  | mutation]
 11839 | Lair:2   | HP: 2/67 [blink frog (2)]
 11853 | Lair:2   | Reached skill level 15 in Invocations
 11904 | Lair:2   | Found a staircase to the Swamp.
 12155 | Lair:2   | Lost mutation: You do not regenerate when monsters are
                  | visible. [potion of mutation]
 12155 | Lair:2   | Lost mutation: You have a somewhat thin skeletal structure.
                  | (Dex +2, Stealth+) [potion of mutation]
 12155 | Lair:2   | Lost mutation: You are covered in fur. (AC +1) [potion of
                  | mutation]
 12155 | Lair:2   | Gained mutation: You sometimes lose your temper in combat.
                  | [potion of mutation]
 12155 | Lair:2   | Gained mutation: Your flesh is cold resistant. (rC+)
                  | [potion of mutation]
 12156 | Lair:2   | Lost mutation: You sometimes lose your temper in combat.
                  | [potion of mutation]
 12156 | Lair:2   | Lost mutation: Your flesh is cold resistant. (rC+) [potion
                  | of mutation]
 12156 | Lair:2   | Gained mutation: You are partially covered in iridescent
                  | scales. (AC +2) [potion of mutation]
 12156 | Lair:2   | Gained mutation: Your muscles are strong. (Str +4, Int/Dex
                  | -1) [potion of mutation]
 12270 | Lair:2   | Noticed Fannar
 12295 | Lair:2   | Killed Fannar
 12518 | Lair:2   | Found a staircase to the Snake Pit.
 12541 | Lair:2   | Reached XP level 13. HP: 48/72 MP: 25/25
 12597 | Snake:1  | Entered Level 1 of the Snake Pit
 12820 | Lair:3   | Reached skill level 10 in Fighting
 12954 | Lair:3   | Found the +3 robe of Clouds {*Thunder rCloud rElec}
 13097 | Lair:3   | Reached skill level 16 in Invocations
 13712 | Lair:3   | Reached skill level 10 in Shields
 14520 | Lair:4   | Reached skill level 5 in Dodging
 14626 | Lair:4   | Noticed a dire elephant
 14648 | Lair:4   | Found a runed translucent door.
 14731 | Lair:4   | Found a viscous altar of Jiyva.
 14731 | Lair:4   | Found a staircase to the Slime Pits.
 14825 | Lair:4   | Reached skill level 17 in Invocations
 15377 | Lair:5   | Entered Level 5 of the Lair of Beasts
 15429 | Lair:5   | HP: 3/72 [skyshark (2)]
 15769 | Lair:5   | Reached XP level 14. HP: 42/77 MP: 27/27
 16678 | Lair:5   | Reached skill level 18 in Invocations
 17091 | Orc:1    | Entered Level 1 of the Orcish Mines
 17175 | Orc:2    | Entered Level 2 of the Orcish Mines
 17177 | Orc:2    | Noticed an orc warlord
 17186 | Orc:1    | Paralysed by an orc sorcerer for 2 turns
 17446 | Orc:2    | Noticed Urug
 17453 | Orc:2    | Killed Urug
 17488 | Orc:2    | Noticed Josephine
 17500 | Orc:2    | Killed Josephine
 17501 | Orc:2    | Reached skill level 10 in Dodging
 17522 | Orc:2    | Killed from afar by an orc priest

Illustrated notes

Levels and vault maps discovered:
D:1:      minmay_arrival_split_and_join, layout_basic, serial_shops, shop, shop,
          shop, minmay_lizard_pond
D:2:      layout_rooms, shapermc_ecumenical_altar_flowoftime
D:3:      layout_loops_corners, serial_shops, nicolae_shop_bloodbath_and_beyond,
          nicolae_hexahallways, uniq_sigmund
D:4:      layout_loops_ring, minmay_temple_entry_wispy, serial_rivers,
          chequers_serial_rivers_small_3, chequers_serial_rivers_micro_e,
          chequers_serial_rivers_small_b, chequers_serial_rivers_small_3,
          nicolae_shop_distant_corner_stores
D:5:      gammafunk_cloud_chamber, layout_basic, grunt_temple_overflow_diamond,
          nicolae_kite_square_tiling_tiny, uniq_pikel, uniq_crazy_yiuf_cottage
D:6:      layout_cave_pools, kennysheep_path_1, doesnt_shop_hydraphobe
D:7:      layout_basic, zin_treasury, enter_bailey_2, minmay_ruined_shrine
D:8:      layout_basic, vehumet_statue
D:9:      minmay_the_grid_triangle_9x9_rhombus_thin_mashed
          [minmay_the_grid_triangle_9x9_fully_insulated_deathbox,
          minmay_the_grid_triangle_9x9_prize_top_heavy,
          minmay_the_grid_triangle_9x9_dagger,
          minmay_the_grid_triangle_9x9_negative_grid], layout_loops_cross,
          lair_entry_dummy, david_orc_5, nicolae_shop_fire_sale
          [nicolae_sub_dead_trees], einodemon_armed_red_devil_minivault,
          uniq_prince_ribbit1
D:10:     layout_roguey
D:11:     layout_loops_corners, uniq_erica
Temple:   hellmonk_temple_divided_pantheon
Lair:1:   layout_chaotic_city, fungi_pond_lemuel, infiniplex_staircase_pool,
          grunt_megastairs_4, serial_bayou_shore_b
Lair:2:   layout_cellular_growth, swamp_mist, nicolae_snake_entry_warm_welcome,
          st_stairs_5, uniq_fannar
Lair:3:   layout_cave_pods, lemuel_fruit_fields, grunt_megastairs_2
Lair:4:   gammafunk_lair_enchanted_lake, layout_cave_pods, slime_entry_1,
          st_stairs_3, nicolae_lair_run_with_the_wolves
Lair:5:   evilmike_catoblepas_cave, layout_regular_city, grunt_megastairs_5,
          infiniplex_staircase_pool_2
Snake:1:  layout_onion_interference, nicolae_triple_integral, minmay_shop_star,
          uniq_aizul
Orc:1:    layout_caves
Orc:2:    st_orc_congregation, layout_diamond_mine, gauntlet_entry_generic,
          uniq_sonja, uniq_urug, uniq_josephine

Skill      XL: |  1  2  3  4  5  6  7  8  9 10 11 12 13 14 |
---------------+-------------------------------------------+-----
Invocations    | 2 3 5 7 9 11 12 13 15 17 18 | 18.7
Fighting       | 3 4 5 6 7 8 9 10 | 10.1
Armour         | 3 4 5 |  5.0
Shields        | 1 4 7 9 11 | 11.0
Maces & Flails | 1 |  1.0
Dodging        | 7 10 | 10.0
Short Blades   | |  3.2

Action                     |  1- 3 |  4- 6 |  7- 9 | 10-12 | 13-15 || total
---------------------------+-------+-------+-------+-------+-------++-------
  Melee: Short sword       |     7 |       |       |       |       ||     7
         Dagger            |    18 |    41 |    10 |       |       ||    69
         Punch             |       |     3 |     2 |     4 |       ||     9
         Mace              |       |       |    66 |   177 |   171 ||   414
 Invoke: Minor Destruction |    32 |   135 |   185 |   661 |   557 ||  1570
         Lesser Servant of |       |       |     3 |     7 |    13 ||    23
         Greater Servant o |       |       |       |     1 |     4 ||     5
  Evoke: Wand              |       |     2 |     2 |     4 |     3 ||    11
         Phantom mirror    |       |       |       |       |     1 ||     1
    Use: Potion            |       |       |     2 |    10 |     6 ||    18
         Scroll            |       |       |       |     1 |       ||     1
   Stab: Distracted        |       |       |       |     1 |     1 ||     2
 Armour: Robe              |     7 |     9 |    59 |   224 |   173 ||   472
         Skin              |       |       |       |       |     2 ||     2
  Dodge: Dodged            |    31 |    51 |   147 |   437 |   333 ||   999
  Block: Buckler           |       |       |       |   116 |   153 ||   269

Table legend: (Time is in decaauts)
 A = Elapsed time spent in this place.
 B = Non-inter-level travel time spent in this place.
 C = Inter-level travel time spent in this place.
 D = Time resting spent in this place.
 E = Time spent auto-exploring this place.
 F = Levels seen in this place.
 G = Mean time per level.
                   A        B        C        D        E       F      G
               +--------+--------+--------+--------+--------+-----+--------+
         Total |  12882 |  11887 |    995 |    226 |   7818 |  21 |  613.4 |
       Dungeon |   7453 |   6779 |    674 |     82 |   4885 |  11 |  677.5 |
        Temple |     24 |     11 |     13 |      0 |      0 |   1 |   24.0 |
          Lair |   4675 |   4389 |    286 |    138 |   2533 |   5 |  935.0 |
     Snake Pit |      1 |      1 |      0 |      0 |      0 |   1 |    1.0 |
  Orcish Mines |    314 |    295 |     19 |      0 |    165 |   2 |  157.0 |
        Bailey |    412 |    412 |      0 |      6 |    233 |   1 |  412.0 |
               +--------+--------+--------+--------+--------+-----+--------+

Top non-repeatable levels by time:
     D:9: 1744 daAuts
  Lair:5: 1041 daAuts
  Lair:4: 1038 daAuts
  Lair:3: 921 daAuts
     D:8: 893 daAuts
  Lair:1: 881 daAuts
  Lair:2: 792 daAuts
     D:3: 764 daAuts
     D:5: 761 daAuts
     D:4: 703 daAuts
     D:6: 562 daAuts
     D:1: 485 daAuts
    D:10: 420 daAuts
  Bailey: 412 daAuts
    D:11: 399 daAuts
